 Dungeon Sprint DCSS version 0.24-a0-585-g5c5dc1b5cb (webtiles) character file.

Game seed: 7506199545760012423, levelgen mode: deterministic

0 Artagas the Chopper (level 3, -5/37 HPs)
             Began as a Minotaur Berserker on Sept 7, 2019.
             Was a Believer of Trog.
             Slain by Sigmund
             ... wielding a +0 scythe
              (13 damage)
             ... in the Dungeon (Sprint VI: "Thunderdome").
             The game lasted 00:01:13 (93 turns).

Artagas the Chopper (Minotaur Berserker)              Turns: 93, Time: 00:01:13

Health: -5/37      AC:  2    Str: 22    XL:     3   Next: 76%
Magic:  2/2        EV: 13    Int:  4    God:    Trog [**....]
Gold:   200        SH:  0    Dex:  9    Spells: 2/2 levels left

rFire    . . .     SeeInvis .   a - +0 hand axe
rCold    . . .     Gourm    .   (no shield)
rNeg     . . .     Faith    .   b - +0 animal skin
rPois    .         Spirit   .   (helmet restricted)
rElec    .         Reflect  .   (no cloak)
rCorr    .         Harm     .   (no gloves)
MR       .....     NoTele   +   (no boots)
Stlth    +.........             (no amulet)
HPRegen  0.12/turn              (no ring)
MPRegen  0.08/turn              (no ring)

@: berserk cooldown, slowed, very slow
A: retaliatory headbutt, horns 2
a: Berserk, Trog's Hand, Renounce Religion


You were in the Dungeon.
You worshipped Trog.
Trog was pleased with you.
You were not hungry.

You visited 1 branch You collected 200 gold pieces.

Inventory:

Hand Weapons
 a - a +0 hand axe (weapon)
Armour
 b - a +0 animal skin (worn)
Wands
 i - a wand of acid (5)
   (You found it in the Dungeon)
 j - a wand of iceblast (5)
   (You found it in the Dungeon)
Scrolls
 k - 3 scrolls of fog
 z - 4 scrolls of blinking
Potions
 c - 4 potions of heal wounds
 f - a potion of berserk rage
 g - 2 potions of magic
 h - 4 potions of haste
 n - a potion of resistance
 q - a potion of curing
Comestibles
 d - 3 chunks of flesh
 e - a ration


   Skills:
 + Level 6.3 Fighting
 + Level 6.3 Axes
 - Level 4.2 Armour
 - Level 3.9 Dodging


You had 2 spell levels left.
You didn't know any spells.
Your spell library was empty.

Dungeon Overview and Level Annotations

Branches:
Dungeon (1/1)

Altars:
Cheibriados
Dithmenos
Fedhas
Gozag
Kikubaaqudgha
Makhleb
Okawaru
Qazlal
Sif Muna
Trog
Uskayaw
Vehumet
Wu Jian
Xom
Yredelemnul
Zin
The Shining One
Beogh
Jiyva
Lugonu

Shops:
D *[%??*?*:[((

Annotations:
D Sigmund


Innate Abilities, Weirdness & Mutations

You reflexively headbutt those who attack you in melee.
You have a pair of horns on your head.


Message History

Trog accepts your kill.
Found Vieleacs's Jewellery.
Things that are here:
a +0 dagger; a stone
Found Aca Nifyka's Delicious Food.
Found three altars.
There is an entrance to Qodas's Identification Station here.
There is an entrance to Ymiacet's Advanced Armour here.
An orc comes into view. It is wielding a +0 dagger.
The orc shouts!
Found a basalt altar of Yredelemnul.
You hit the orc. You headbutt the orc.
You kill the orc!
Trog accepts your kill.
You can now call upon Trog for regeneration and magic resistance.
Things that are here:
a +0 dagger; an orc corpse
Things that are here:
a +0 dagger; an orc corpse You butcher the orc corpse.
d - 3 chunks of flesh
Things that are here:
a +0 dagger; an orc skeleton
Found Zyrph's Magic Scroll Shop and Laqo's Magic Scroll Shop.
Found an ancient bone altar of Kikubaaqudgha.
Found Zasuyc's Must-Have Magic.
Found Dum Focy's Staff Store.
Found three altars.
A hobgoblin comes into view.
The hobgoblin shouts!
There is a staircase leading out of the dungeon here.
Items here: !!! $ // ??
i - a wand of acid (5);
j - a wand of iceblast (5)
z - 4 scrolls of blinking (gained 3);
k - 3 scrolls of fog
h - 4 potions of haste (gained 3);
c - 4 potions of heal wounds (gained 3)
n - a potion of resistance You now have 200 gold pieces.
The hobgoblin closely misses you. You furiously retaliate!
You headbutt the hobgoblin. You closely miss the hobgoblin.
The hobgoblin is almost dead.
The hobgoblin completely misses you.
You slash the hobgoblin!
You kill the hobgoblin!
Trog accepts your kill.
You see here a hobgoblin corpse.
There is an entrance to Zasuyc's Must-Have Magic here.
There is an entrance to Dum Focy's Staff Store here.
Terence the Incautious comes into view.
He is wielding a +0 hand axe and wearing a +1 chain mail of poison resistance.
Terence shouts!
Found a burning altar of Makhleb.
Found a bloodstained altar of Trog and a viscous altar of Jiyva.
Sigmund the Dreaded comes into view.
He is wielding a +0 scythe.
Sigmund shouts!
Sigmund moves out of view.
You barely miss Terence. Terence barely misses you.
You barely miss Terence.
You headbutt Terence, but do no damage. 50...
Terence hits you but does no damage.
A red film seems to cover your vision as you go berserk!
You feel yourself moving faster!
You feel mighty!
You feel a lot more hungry. Terence barely misses you. You furiously retaliate!
You headbutt Terence!
Sigmund points at you and mumbles some strange words.
You resist with significant effort.
You slash Terence!
Terence is almost dead.
Terence closely misses you.
You slash Terence!
You kill Terence!
Trog accepts your kill.
Your Fighting skill increases to level 6!
Your Axes skill increases to level 6!
Sigmund drinks a potion.
Sigmund suddenly seems more resistant.
Sigmund hits you from afar with a +0 scythe!
You feel a strong urge to attack something.
You barely miss Sigmund.
Sigmund mumbles some strange words.
Sigmund flickers and vanishes!
Deactivating autopickup; reactivate with Ctrl-A.
You closely miss something. You closely miss something.
You hear some strange, mumbled words.
You are confused.
You slice something!! Your headbutt misses something.
Something barely misses you.
You're too confused to move!
You closely miss something. Your headbutt misses something. Something hits you!
You're too confused to move!
You are no longer berserk.
You are exhausted.
You feel yourself slow down.
You miss something. Something hits you!
You closely miss something.
You feel less confused.
You hear some strange, mumbled words.
A magic dart appears from out of thin air!
The magic dart hits you!
* * * LOW HITPOINT WARNING * * *
You miss something. Your headbutt misses something.
Something completely misses you.
You miss something. You headbutt something. Something hits you!
You die...

##.....## ##∩.....∩##
#∩.......∩# #........_#
#_......._# #_......._#
###.........###
#⌠.....).....⌠#
######.8...@.....8.#
##∩___.....{###......___
###∩........8†# #.8.......
##.....).......###..........
#⌠..........###...###.......
#⌠..........# #.<.# .......
#⌠..........###...###......
##.............###........
###∩........8.# #.8......


There were no monsters in sight!

Vanquished Creatures
  A hound (D)
  Terence (D)
  An orc (D)
  A hobgoblin (D)
  A kobold (D)
5 creatures vanquished.

Notes
Turn   | Place    | Note
-------+----------+-------------------------------------------
     0 | D        | Artagas the Minotaur Berserker began the quest for the Orb.
     0 | D        | Reached XP level 1. HP: 19/19 MP: 0/0
     0 | D        | Found a roughly hewn altar of Beogh.
     1 | D        | Found a blossoming altar of Fedhas.
     1 | D        | Found a hide-covered altar of Uskayaw.
     2 | D        | Found an ornate altar of the Wu Jian Council.
     2 | D        | Found an opulent altar of Gozag.
     3 | D        | Found a stormy altar of Qazlal.
     3 | D        | Found a radiant altar of Vehumet.
     3 | D        | Found Joehodghoa's Weapon Rack.
     3 | D        | Found Qunko's Premium Goods.
     4 | D        | Found Haiwoffe's Basic Armour.
     4 | D        | Found Ridghelum's Miscellaneous Merchandise.
     5 | D        | Round 1.
     6 | D        | Noticed a hound
    13 | D        | Killed a hound
    13 | D        | Reached skill level 5 in Fighting
    13 | D        | Reached skill level 5 in Axes
    13 | D        | Reached skill level 4 in Armour
    13 | D        | Reached skill level 3 in Dodging
    13 | D        | Reached XP level 2. HP: 27/29 MP: 1/1
    13 | D        | Reached XP level 3. HP: 33/36 MP: 2/2
    18 | D        | Found a glowing silver altar of Zin.
    20 | D        | Found a shimmering blue altar of Sif Muna.
    20 | D        | Found Qodas's Identification Station.
    20 | D        | Found Ymiacet's Advanced Armour.
    22 | D        | Found Vieleacs's Jewellery.
    24 | D        | Found a shimmering altar of Xom.
    24 | D        | Found an iron altar of Okawaru.
    24 | D        | Found a shadowy altar of Dithmenos.
    24 | D        | Found Aca Nifyka's Delicious Food.
    32 | D        | Found a basalt altar of Yredelemnul.
    33 | D        | Reached ** piety under Trog
    42 | D        | Found an ancient bone altar of Kikubaaqudgha.
    42 | D        | Found Zyrph's Magic Scroll Shop.
    42 | D        | Found Laqo's Magic Scroll Shop.
    43 | D        | Found Zasuyc's Must-Have Magic.
    44 | D        | Found a snail-covered altar of Cheibriados.
    44 | D        | Found a corrupted altar of Lugonu.
    44 | D        | Found a glowing golden altar of the Shining One.
    44 | D        | Found Dum Focy's Staff Store.
    70 | D        | Noticed Terence
    71 | D        | Found a burning altar of Makhleb.
    73 | D        | Found a bloodstained altar of Trog.
    73 | D        | Found a viscous altar of Jiyva.
    75 | D        | Noticed Sigmund
    80 | D        | Killed Terence
    80 | D        | Reached skill level 6 in Fighting
    80 | D        | Reached skill level 6 in Axes
    93 | D        | Slain by Sigmund

Levels and vault maps discovered:
D:        arena_sprint

Skill      XL: |  1  2  3 |
---------------+----------+-----
Fighting       | 5 6 |  6.3
Axes           | 5 6 |  6.3
Armour         | 4 |  4.2
Dodging        | 3 |  3.9

Action                   || total
-------------------------++-------
Melee: Hand axe          ||    20
       Headbutt          ||     4
Invok: Berserk           ||     1
Armor: Animal skin       ||     1
Dodge: Dodged            ||    11

Table legend:
 A = Non-vault XP
 B = Vault XP
 C = Vault XP percentage of total XP
 D = Non-vault monster count
 E = Vault monster count
 F = Vault count percentage of total count
                 A         B        C        D         E       F
            +---------+---------+-------+---------+---------+-------
      Total |      84 |       0 |   0.0 |       5 |       0 |   0.0
            +---------+---------+-------+---------+---------+-------
          D |      84 |       0 |   0.0 |       5 |       0 |   0.0
            +---------+---------+-------+---------+---------+-------

Levels and vault maps discovered:
D:        arena_sprint

Table legend:
 A = Turns spent in this place as a percentage of turns spent in the entire game.
 B = Non-inter-level travel turns spent in this place as a percentage of non-inter-level travel turns spent in the entire game.
 C = Inter-level travel turns spent in this place as a percentage of turns spent in this place.
 D = Turns resting spent in this place as a percentage of non-inter-level travel turns spent in this place.
 E = Turns spent auto-exploring this place as a percentage of non-inter-level travel turns spent in this place.
 F = Non-inter-level travel turns spent in this place divided by the number of levels of this place that you've seen.
                   A       B       C       D       E      F
               +-------+-------+-------+-------+-------+----------------------
         Total | 100.0 | 100.0 |   0.0 |   0.0 |   0.0 |  93.0
       Dungeon | 100.0 | 100.0 |   0.0 |   0.0 |   0.0 |  93.0
               +-------+-------+-------+-------+-------+----------------------

Table legend:
 A = Kills in this place as a percentage of kills in entire the game.
 B = Kills by you in this place as a percentage of kills by you in the entire game.
 C = Kills by friends in this place as a percentage of kills by friends in the entire game.
 D = Other kills in this place as a percentage of other kills in the entire game.
 E = Experience gained in this place as a percentage of experience gained in the entire game.
 F = Experience gained in this place divided by the number of levels of this place that you have seen.
                   A       B       C       D       E      F
               +-------+-------+-------+-------+-------+----------------------
         Total | 100.0 | 100.0 |   N/A |   N/A | 100.0 |  84.0
       Dungeon | 100.0 | 100.0 |   N/A |   N/A | 100.0 |  84.0
               +-------+-------+-------+-------+-------+----------------------
